Unix NetHack Version 5.0.0-0 post-release - last build May 31 2026 23:59:36 (970b52f25bf058293b47ddfd14a1e40e571c508c,branch:main).

Game began 2026-06-09 20:57:27, ended 2026-06-09 21:17:22.

Drastanta, lawful male human Samurai

                     -------------------------------------------------
                     |*..........*...................................|
                     |.------------------#----------------...........|
                     |.|                ...              |..------..--
                     |*|              .....-           - |..|    |.-----
                     |.| |           0.....|           |.|.--    |.....|
                     |.|.|           ...0..|           |.#.|     -----.|
                    --.#.|          |... ..            |.|)-------   |.----
                    |..|.-          -..  ..            | |.......--- |....---
                    |..| .          ...  ..              |0........| ----...|
 ----               --.| ..        ...   .{              |........--    ---.|
 |..--------    ---- |.|  ...      --.  --.              |.......--       |.|
 |.........|  ---..| |.|  -|-       .     .              |......-|        |.|
 ----......----....| |.|    .       .     .              |.......--       |.|
    ---.....|...---| |.|    ..     |      .              |........|       |.|
  ----.....-..V....--|.| |   .|   .|      .              |*......--       |.|
 --.|........|.@.|...|.|.---------.-------.------------- |[..<...--       |.|
 |.......----|..----.|.#.)...............................|........--      |.--
 |.......|   ----  |...----------#------------#-----------.|.......|      |..|
 --.--.--          ---0...........*........................|-----.--      |..|
  ------              --------------------------------------    ---       ----
Drastanta the Ronin    St:16 Dx:16 Co:18 In:11 Wi:7 Ch:7  Lawful
Dlvl:7  $:354 HP:0(43) Pw:14(14) AC:4  Xp:4 T:2182 

Latest messages:
 The gnome lord shudders for a moment.
 You see here a tripe ration.
 E - a tripe ration.
 You hear a ripping sound.
 You hear a clank.
 You hear a clank.
 The giant spider bites!
 You hit the giant spider!
 You kill the giant spider!
 Welcome to experience level 6.
 The gnomish wizard picks up a scroll labeled KO BATE.
 You hit the gnomish wizard!
 The gnomish wizard points at you, then curses.
 You miss the gnomish wizard.
 You hear crashing rock.
 The gnomish wizard points at you, then curses.
 You kill the gnomish wizard!
 F - a scroll labeled KO BATE.
 The gnome lord deliberately jumps onto a polymorph trap!
 The gnome lord turns into a vampire lord!
 The giant rat turns into a gargoyle!
 You miss the vampire lord.
 You miss the vampire lord.
 The vampire lord hits!
 The vampire lord bites!
 The gnome zaps a silver wand!
 The magic missile whizzes by you!
 You miss the vampire lord.
 You miss the vampire lord.
 The vampire lord hits!
 The vampire lord bites!
 Sayonara level 6.
 The gnome zaps a wand of magic missile!
 The magic missile hits you!
 The magic missile bounces!
 The gnome picks up a gem.
 The vampire lord hits!
 The vampire lord bites!
 You avoid harm.
 You hit the vampire lord.
 The vampire lord hits!
 The vampire lord bites!
 You climb up the stairs.
 You miss the vampire lord.
 The vampire lord hits!
 The vampire lord bites!
 Sayonara level 5.
 You die...
 Do you want your possessions identified? [ynq] (y) y
 Do you want to see your attributes? [ynq] (y) q

Inventory:
 Coins    ('$')
  $ - 354 gold pieces
 Weapons  (')')
  d - 38 +0 ya (in quiver)
  c - a +0 yumi (alternate weapon; not wielded)
  a - a +0 katana (weapon in right hand)
  b - a +0 wakizashi
 Armor    ('[')
  n - an uncursed +0 Hawaiian shirt with a sea turtle motif (being worn)
  D - an uncursed +1 leather jacket
  e - an uncursed rustproof +0 splint mail (being worn)
 Comestibles  ('%')
  E - an uncursed tripe ration
 Scrolls  ('?')
  x - a cursed scroll of blank paper
  p - a cursed scroll of confuse monster
  y - an uncursed scroll of enchant weapon
  F - an uncursed scroll of food detection
  m - an uncursed scroll of light
  l - an uncursed scroll of teleportation
 Potions  ('!')
  z - an uncursed potion of full healing
  q - an uncursed potion of healing
  r - an uncursed potion of monster detection
 Wands    ('/')
  k - a wand of opening (0:4)
  w - a wand of speed monster (0:7)
 Tools    ('(')
  B - an uncursed blindfold
  A - an uncursed oil lamp
  v - an uncursed skeleton key
  C - an uncursed towel
 Gems/Stones  ('*')
  j - 2 uncursed worthless pieces of blue glass

Drastanta the Samurai's attributes:

Background:
 You were a Ronin, a level 4 male human Samurai.
 You were lawful, nominally on a mission for Amaterasu Omikami
 who was opposed by Raijin (neutral) and Susanowo (chaotic).
 You were right-handed.
 You were in the Gnomish Mines, on level 7.
 You entered the dungeon 2182 turns ago.
 You had 159 experience points, 1 more was needed to attain level 5.

Basics:
 You had 0 out of 43 hit points.
 You had all 14 energy points (spell power).
 Your armor class was 4.
 Your wallet contained 354 zorkmids.
 Autopickup was on for '$' plus thrown.

Final Characteristics:
 Your strength was 16 (limit:18/100).
 Your dexterity was 16 (limit:18).
 Your constitution was 18 (limit:18).
 Your intelligence was 11 (limit:18).
 Your wisdom was 7 (limit:18).
 Your charisma was 7 (limit:18).

Final Status:
 You weren't hungry.
 You were unencumbered.
 You were wielding a long sword.
 You had basic skill with long sword and could have enhanced that.

Final Attributes:
 You were piously aligned.
 You were telepathic.
 You were warded.
 You were fast.
 You are dead.

Miscellaneous:
 You didn't encounter any bones levels.
 Total elapsed playing time was 19 minutes and 55 seconds.

Major events:
 Turn
    1: Drastanta the lawful male human Samurai entered the dungeon
 1008: attained the rank of Ronin (level 3)
 1133: entered the Gnomish Mines
 1511: reached Mine Town
 2168: attained the rank of Ninja (level 6)
 2182: killed by a vampire lord

You didn't know any spells.

Skills:
 Fighting Skills
   martial arts      [Basic]
   two weapon combat [Unskilled]
   riding            [Unskilled]
 Weapon Skills
   dagger            [Unskilled]
   knife             [Unskilled]
   short sword       [Basic]
   broadsword        [Unskilled]
   long sword        [Basic]
   two-handed sword  [Unskilled]
   saber             [Unskilled]
   flail             [Unskilled]
   quarterstaff      [Unskilled]
   polearms          [Unskilled]
   spear             [Unskilled]
   lance             [Unskilled]
   bow               [Basic]
   shuriken          [Unskilled]
 Spellcasting Skills
   attack spells     [Unskilled]
   divination spells [Unskilled]
   clerical spells   [Unskilled]

Voluntary challenges:
 Character rerolling was not enabled.
 You were an atheist.
 You never genocided any monsters.
 You never polymorphed an object.
 You never changed form.
 You used no wishes.
Achievements:
 You attained the rank of Ronin.
 You entered the Gnomish Mines.
 You entered Minetown.
 You attained the rank of Ninja.

 The Dungeons of Doom: levels 1 to 5
    Level 1:
       A fountain, a grave.
    Level 2:
    Level 3:
       A fountain.
    Level 4:
       A sink.
       Stairs down to The Gnomish Mines.
    Level 5:
 The Gnomish Mines: levels 5 to 8
    Level 5:
    Level 6:
    Level 7: <- You were here.
       A fountain.
       Final resting place for
          you, killed by a vampire lord.
    Level 8:


Vanquished creatures:
  a leprechaun
  a giant spider
  3 gnome leaders
  a gnomish wizard
  a giant ant
  a little dog
  2 floating eyes
  a dwarf
  a hill orc
  a centipede
 an iguana
  2 manes
  a cave spider
 18 gnomes
  2 gnome zombies
  2 geckos
  3 jackals
  a fox
  3 goblins
  3 grid bugs
  4 lichens
  a kobold zombie
  3 newts
57 creatures vanquished.

No species were genocided or became extinct.

Game over:
                       ----------
                      /          \
                     /    REST    \
                    /      IN      \
                   /     PEACE      \
                  /                  \
                  |    Drastanta     |
                  |      354 Au      |
                  |   killed by a    |
                  |   vampire lord   |
                  |                  |
                  |                  |
                  |       2026       |
                 *|     *  *  *      | *
        _________)/\\_//(\/(/\)/\//\/|_)_______

Sayonara Drastanta the Samurai...

You died in The Gnomish Mines on dungeon level 7 with 2165 points,
and 354 pieces of gold, after 2182 moves.
You were level 4 with a maximum of 43 hit points when you died.

